AoeStats
← TlHsn <3

Arena

510397413Analyzed
3v3 RM · 1d ago on Sep 30, 2026· 88m 7s· 6 players
Game mode
Random Map
Map size
Normal (6 player)
Population
200
Speed
Normal
Resources
Standard
Victory
Conquest
Starting age
Dark Age
Ending age
Imperial Age
RankedLock teamsTeams togetherTeam positionsShared explorationLock speedFull tech treeHidden civsTurbo modeCheats
Victory
Defeat
🇬🇧 Chinese · United Kingdom
884
+18
🇬🇧 Gurjaras · United Kingdom
862
+19
🇬🇧 Turks · United Kingdom
844
+25
🇹🇷 Teutons · Türkiye
945
-20
🇹🇷 Teutons · Türkiye
929
-19
🇹🇷 Vietnamese · Türkiye
879
-17
Potaytay
0:44 Loom
12:49 Feudal Age
17:48 Castle Age
16:50 Forging
16:43 Scale Mail Armor
17:41 Fletching
17:54 Padded Archer Armor
19:17 Double-Bit Axe
25:54 Squires
31:58 Horse Collar
33:05 Bodkin Arrow
34:37 Bow Saw
35:31 Leather Archer Armor
36:50 Wheelbarrow
37:40 Heavy Plow
41:29 Imperial Age
40:41 Iron Casting
40:22 Chain Mail Armor
40:51 Hand Cart
41:09 Thumb Ring
41:14 Arson
41:41 Elite Fire Lancer
42:40 Town Watch
43:20 Conscription
43:09 Gold Mining
43:55 Plate Mail Armor
44:26 Blast Furnace
44:02 Pikeman
44:35 Halberdier
46:01 Caravan
60:22 Capped Ram
62:28 Siege Ram
74:03 Heavy Scorpion
74:30 Heavy Rocket Cart
81:48 Man-at-Arms
82:39 Bracer
83:10 Ring Archer Armor
85:51 Ballistics
86:27 Rocketry
Erdogan
11:52 Feudal Age
17:12 Castle Age
18:01 Double-Bit Axe
27:12 Wheelbarrow
32:24 Imperial Age
30:14 Hand Cart
29:46 Horse Collar
30:29 Bow Saw
31:52 Padded Archer Armor
31:59 Loom
34:10 Heavy Plow
35:13 Two-Man Saw
34:32 Leather Archer Armor
35:20 Scale Barding Armor
35:42 Forging
36:24 Bombard Tower
37:47 Conscription
39:25 Bloodlines
39:51 Chain Barding Armor
40:08 Iron Casting
40:35 Heavy Camel Rider
41:57 Plate Barding Armor
42:52 Caravan
46:10 Murder Holes
47:20 Blast Furnace
49:45 Cavalier
51:35 Husbandry
52:43 Ring Archer Armor
56:42 Ballistics
56:19 Fletching
76:28 Bodkin Arrow
84:47 Artillery
paceylemon
5:47 Loom
11:48 Feudal Age
13:24 Double-Bit Axe
15:38 Horse Collar
18:22 Castle Age
20:33 Bow Saw
20:25 Heavy Plow
24:44 Gold Mining
26:06 Wheelbarrow
25:16 Town Watch
27:32 Scale Mail Armor
27:37 Scale Barding Armor
27:43 Forging
31:11 Imperial Age
30:15 Chain Barding Armor
30:11 Chain Mail Armor
30:54 Padded Archer Armor
30:45 Fletching
33:03 Chemistry
32:26 Hand Cart
33:02 Bloodlines
32:53 Husbandry
34:05 Leather Archer Armor
33:16 Heavy Camel Rider
35:02 Town Patrol
35:31 Conscription
36:25 Bodkin Arrow
38:13 Light Cavalry
40:53 Plate Barding Armor
42:24 Elite Shrivamsha Rider
44:40 Iron Casting
43:50 Hussar
48:34 Hoardings
51:13 Masonry
54:56 Architecture
54:08 Treadmill Crane
55:34 Bracer
69:16 Hoardings
68:28 Elite Skirmisher
69:21 Thumb Ring
71:11 Ballistics
85:05 Crop Rotation
Lokman.Y
5:41 Loom
13:29 Feudal Age
15:27 Wheelbarrow
20:08 Castle Age
24:43 Fletching
24:54 Padded Archer Armor
27:52 Elite Skirmisher
30:38 Horse Collar
32:07 Heavy Plow
32:18 Bodkin Arrow
32:25 Scale Mail Armor
32:32 Squires
33:44 Pikeman
35:03 Leather Archer Armor
35:43 Double-Bit Axe
38:50 Imperial Age
37:39 Gold Mining
37:40 Stone Mining
38:09 Hand Cart
38:07 Bow Saw
38:12 Forging
38:02 Scale Mail Armor
38:08 Scale Barding Armor
39:11 Ballistics
39:06 Imperial Skirmisher
39:11 Halberdier
43:10 Chemistry
42:16 Siege Engineers
48:02 Bracer
48:33 Ring Archer Armor
48:39 Iron Casting
48:19 Chain Mail Armor
48:25 Chain Barding Armor
MY
9:15 Loom
12:22 Feudal Age
13:43 Wheelbarrow
16:11 Castle Age
14:36 Horse Collar
14:42 Double-Bit Axe
15:00 Gold Mining
15:48 Stone Mining
17:44 Hand Cart
18:04 Forging
24:19 Scale Barding Armor
24:23 Padded Archer Armor
24:53 Heavy Plow
33:55 Imperial Age
31:42 Bow Saw
32:10 Stone Shaft Mining
33:52 Chain Barding Armor
34:08 Iron Casting
34:23 Ballistics
34:14 Onager
34:29 Cavalier
35:12 Heavy Scorpion
37:34 Chemistry
38:04 Two-Man Saw
38:51 Paladin
42:58 Bloodlines
TlHsn <3
3:02 Loom
10:30 Feudal Age
12:34 Horse Collar
12:41 Double-Bit Axe
14:05 Stone Mining
14:40 Gold Mining
18:48 Castle Age
21:17 Wheelbarrow
23:11 Bow Saw
26:59 Heavy Plow
28:36 Hand Cart
28:10 Pikeman
28:35 Arson
28:51 Squires
33:03 Imperial Age
31:03 Padded Archer Armor
30:53 Fletching
31:14 Forging
31:04 Scale Mail Armor
31:57 Stone Shaft Mining
31:12 Elite Skirmisher
33:23 Leather Archer Armor
33:03 Bodkin Arrow
33:49 Iron Casting
33:55 Ballistics
35:48 Two-Man Saw
35:50 Chemistry
34:21 Halberdier
34:57 Imperial Skirmisher
36:32 Chain Mail Armor
36:47 Ring Archer Armor
38:03 Siege Engineers
38:55 Plate Mail Armor
39:26 Blast Furnace
49:50 Coinage
53:49 Bloodlines
65:34 Crop Rotation
70:17 Man-at-Arms
70:42 Gambesons
80:31 Crenellations
82:01 Long Swordsman
84:06 Two-Handed Swordsman
84:09 Elite Teutonic Knight
86:00 Champion
Connection lost

Rejoining the realm…

Still unreachable

The connection could not be restored.

Session expired

The server has moved on; the page needs a fresh start.